Map: Tokamak LE

Players

Lambo

  • Race: Zerg Zerg
  • Spawn Location: 7:00

SKillous - Winner!

  • Race: Protoss Protoss
  • League: Master
  • Spawn Location: 1:00

Event: FEL Cracov 2025

VOD

Have the link to the VOD?

Description

Time

  • Played on: July 27, 2025, 2:10 p.m.
  • Length: 10:18

All games in this series

Show
View Real Time Build Order
Export as new Build Order

Lambo Zerg 

Build Orders: Hatch First, Roach Hydra 

Get SALT Encoding   

  12  0:00  Drone  
  13  0:07  Drone  
  14  0:15  Extractor, Drone  
  15  0:35  Hatchery  
  14  0:39  Extractor  
  14  0:40  Drone  
  15  0:46  Overlord  
  15  1:04  Drone x3  
  18  1:12  Spawning Pool  
  18  1:16  Drone  
  18  1:19  Extractor  
  17  1:27  Drone  
  18  1:37  Drone  
  19  1:48  Drone  
  19  1:49  Drone  
  21  1:57  Drone  
  21  1:59  Queen x2  
  26  2:03  Overlord  
  26  2:09  Drone x2  
  28  2:22  Zergling x2  
  29  2:23  Metabolic Boost  
  29  2:24  Drone  
  30  2:31  Drone x2  
  30  2:35  Queen  
  34  2:49  Hatchery  
  33  2:52  Overlord  
  33  2:54  Zergling x2  
  33  2:55  Drone  
  35  3:03  Zergling x2  
  35  3:04  Overlord  
  36  3:10  Zergling x2  
  36  3:11  Drone x5  
  42  3:25  Spore Crawler  
  40  3:32  Drone x5  
  43  3:38  Queen  
  43  3:40  Drone  
  46  3:43  Drone  
  46  3:44  Drone  
  46  3:47  Zergling x2  
  49  3:57  Drone x2  
  49  4:00  Drone x3  
  49  4:02  Drone  
  53  4:04  Queen  
  55  4:10  Spore Crawler, Drone x2  
  55  4:14  Drone x2  
  58  4:18  Overlord  
  58  4:25  Drone  
  58  4:28  Drone  
  58  4:29  Drone  
  58  4:33  Overlord  
  58  4:38  Drone x3  
  61  4:39  Drone  
  61  4:41  Zergling x2  
  63  4:48  Zergling x6  
  66  4:55  Drone x4  
  66  4:58  Overlord  
  66  4:59  Extractor, Roach Warren  
  68  5:04  Drone x2  
  68  5:05  Drone x2  
  72  5:10  Drone x2  
  72  5:11  Hatchery  
  73  5:18  Queen  
  73  5:20  Evolution Chamber  
  74  5:25  Evolution Chamber  
  74  5:26  Spore Crawler  
  74  5:28  Overlord  
  72  5:29  Overlord  
  72  5:38  Drone x10  
  72  5:40  Extractor  
  72  5:41  Overlord  
  81  5:44  Lair  
  81  5:47  Overlord  
  81  5:49  Drone x5  
  87  5:51  Extractor  
  87  5:52  Extractor, Roach  
  87  5:54  Zerg Missile Weapons Level 1  
  87  5:55  Extractor  
  86  5:58  Roach x2  
  86  5:59  Evolution Chamber  
  87  6:04  Drone x5  
  87  6:07  Drone x2  
  92  6:11  Overlord  
  92  6:15  Drone x5  
  97  6:23  Roach  
  100  6:27  Roach x5  
  100  6:32  Roach x2, Ravager  
  113  6:33  Ravager  
  113  6:36  Zergling x4  
  117  6:40  Overlord  
  117  6:42  Glial Reconstitution  
  117  6:43  Overlord  
  117  6:44  Infestation Pit  
  116  6:47  Overlord  
  116  6:49  Hatchery  
  113  6:55  Hatchery  
  107  7:01  Zergling x16, Hydralisk Den  
  107  7:06  Drone x4  
  118  7:10  Drone  
  118  7:11  Overseer  
  118  7:13  Drone x3  
  122  7:21  Zergling x4  
  123  7:24  Drone  
  123  7:29  Drone x2  
  120  7:32  Hive  
  120  7:34  Grooved Spines, Hydralisk x4  
  120  7:35  Lurker Den  
  127  7:39  Hydralisk  
  129  7:44  Overlord  
  129  7:45  Extractor, Overlord  
  129  7:46  Extractor, Overlord  
  129  7:48  Overlord, Zerg Missile Weapons Level 2  
  127  7:52  Hydralisk  
  127  7:55  Overlord  
  127  7:56  Zergling x2  
  127  7:57  Overlord  
  129  8:04  Zergling x14  
  131  8:07  Hydralisk x2  
  131  8:10  Roach x3  
  131  8:11  Ravager  
  137  8:14  Roach  
  137  8:16  Zergling x2  
  134  8:21  Hydralisk x2  
  134  8:25  Hydralisk x4  
  140  8:28  Hydralisk x2  
  140  8:31  Hydralisk  
  137  8:34  Hydralisk  
  137  8:38  Hydralisk  
  137  8:39  Hydralisk  
  140  8:45  Hydralisk x2  
  140  8:46  Ravager  
  140  8:48  Zergling x8  
  144  8:50  Zergling x2  
  144  8:52  Roach  
  144  8:53  Roach  
  145  8:56  Zergling x2  
  145  9:01  Muscular Augments  
  143  9:05  Roach x4  
  138  9:13  Roach  
  138  9:14  Roach x2  
  138  9:15  Hydralisk  
  129  9:18  Hydralisk  
  129  9:21  Hatchery  
  129  9:22  Hydralisk x2  
  125  9:30  Zergling x2  
  125  9:31  Zergling x8  
  130  9:32  Lurker  
  130  9:37  Extractor, Queen  
  132  9:39  Extractor  
  132  9:40  Lurker  
  132  9:43  Zergling x6  
  134  9:47  Zergling x2  
  135  9:53  Zergling x10  
Show
View Real Time Build Order
Export as new Build Order

SKillous Protoss - Winner!

Build Orders: 1 Gate Expand, Oracle Opening 

Get SALT Encoding   

  12  0:00  Probe  
  13  0:12  Probe  
  14  0:20  Pylon  
  14  0:24  Probe  
  15  0:34  Probe  
  15  0:41  Gateway  
  16  0:42  Probe  
  16  0:49  Assimilator  
  17  0:53  Probe  
  18  1:05  Probe  
  19  1:17  Probe  
  20  1:26  Nexus  
  20  1:36  Cybernetics Core  
  20  1:39  Probe  
  21  1:46  Assimilator  
  21  1:51  Probe  
  22  1:54  Pylon  
  22  2:02  Adept  
  22  2:04  Probe  
  25  2:16  Probe  
  25  2:18  Stargate  
  26  2:22  Adept  
  26  2:28  Probe  
  27  2:30  Warp Gate  
  27  2:35  Probe  
  29  2:41  Probe  
  29  2:43  Probe  
  32  2:52  Adept  
  32  2:53  Probe x2  
  32  2:55  Oracle  
  36  3:05  Probe  
  40  3:06  Probe  
  40  3:09  Pylon  
  41  3:17  Probe  
  41  3:18  Probe  
  43  3:24  Oracle  
  43  3:29  Probe  
  43  3:30  Probe  
  48  3:41  Probe  
  48  3:47  Nexus  
  49  3:48  Pylon  
  49  3:51  Probe  
  53  4:06  Probe  
  53  4:07  Twilight Council  
  53  4:08  Gateway  
  51  4:10  Gateway  
  51  4:11  Gateway  
  51  4:14  Probe  
  52  4:18  Adept  
  52  4:19  Probe  
  55  4:26  Probe  
  55  4:28  Blink  
  57  4:31  Probe  
  57  4:38  Probe  
  57  4:40  Assimilator  
  57  4:41  Gateway  
  57  4:42  Gateway  
  57  4:43  Probe  
  59  4:50  Probe, Adept  
  62  4:55  Probe  
  62  4:59  Probe, Pylon  
  64  5:02  Probe  
  64  5:03  Probe  
  64  5:05  Adept x2  
  69  5:08  Adept  
  69  5:11  Probe  
  69  5:13  Probe  
  73  5:15  Probe  
  73  5:18  Pylon  
  75  5:23  Probe, Stalker  
  75  5:25  Probe  
  75  5:27  Probe  
  75  5:28  Pylon  
  80  5:31  Stalker  
  80  5:35  Probe  
  83  5:40  Stalker x3  
  83  5:41  Probe x2  
  91  5:44  Pylon  
  91  5:46  Assimilator  
  91  5:48  Probe  
  92  5:53  Probe x2  
  94  6:04  Probe  
  95  6:07  Stalker x4  
  95  6:08  Stalker  
  103  6:12  Probe x2  
  103  6:14  Assimilator  
  103  6:15  Forge  
  103  6:16  Probe  
  106  6:19  Assimilator, Pylon  
  106  6:24  Probe x2  
  108  6:32  Charge  
  108  6:37  Protoss Ground Weapons Level 1  
  108  6:43  Stalker  
  108  6:44  Stalker x3  
  108  6:47  Shield Battery  
  116  6:48  Pylon  
  116  6:49  Pylon  
  116  6:50  Pylon  
  102  7:03  Stalker x2  
  102  7:06  Pylon  
  106  7:09  Templar Archives  
  106  7:11  Gateway  
  106  7:14  Gateway  
  106  7:16  Stalker x4  
  106  7:19  Pylon  
  105  7:31  Stalker x2  
  109  7:40  Stalker x4  
  109  7:43  Gateway  
  117  7:45  Psionic Storm, Pylon  
  117  7:47  Gateway  
  117  8:04  Pylon  
  117  8:10  Stalker x8  
  127  8:37  High Templar, Zealot x5  
  127  8:38  Zealot x3  
  141  8:55  Pylon  
  139  8:58  Stalker x7  
  133  9:25  High Templar x4  
  133  9:28  Nexus  
  133  9:29  Zealot x6  
  153  9:47  Robotics Facility  
  153  9:51  Zealot x2  
  153  9:52  Zealot x4  
  163  9:57  Robotics Facility  
  163  9:59  Robotics Facility  
  145  10:11  Zealot x6  
  145  10:12  Zealot x2  
Tags
 
Add a new tag
Caveats
  • Supply blocks, unpowered buildings, or Contaminate may cause inaccurate times.
  • Supply counts are checked every 10 seconds.